 Dungeon Crawl Stone Soup version 0.21-a0 (webtiles) character file.

97 xnavy the Cutter (level 4, 0/23 HPs)
             Began as a Vine Stalker Fighter on May 19, 2017.
             Slain by Grinder (5 damage)
             ... on level 3 of the Dungeon.
             The game lasted 00:05:17 (1626 turns).

xnavy the Cutter (Vine Stalker Fighter)             Turns: 1626, Time: 00:05:17

Health: 0/23       AC:  8    Str: 20    XL:     4   Next: 68%
Magic:  0/5        EV:  7    Int:  8    God:
Gold:   81         SH:  9    Dex: 13    Spells: 3/3 levels left

rFire    . . .     SeeInvis .   a - +0 rapier
rCold    . . .     Gourm    .   c - +0 shield
rNeg     + . .     Faith    .   b - +0 scale mail
rPois    .         Spirit   +   e - +1 helmet
rElec    .         Reflect  .   (no cloak)
rCorr    .         Harm     .   (no gloves)
MR       .....                  (no boots)
Stlth    ++........             g - amulet of rage {+Rage, !d}
Regen    0.5/turn               r - ring of stealth {Stlth+}
MPRegen  0.1/turn               s - ring of positive energy {rN+}

@: no status effects
A: fangs 2, regeneration 1, magic shield, antimagic bite, no potion heal 3, rot
immunity
a: Evoke Berserk Rage


You were on level 3 of the Dungeon.
You were hungry.

You visited 1 branch of the dungeon, and saw 3 of its levels.

You collected 81 gold pieces.

Inventory:

Hand Weapons
 a - a +0 rapier (weapon)
Missiles
 h - 88 stones (quivered)
Armour
 b - a +0 scale mail (worn)
 c - a +0 shield (worn)
 e - a +1 helmet (worn)
   (You found it on level 1 of the Dungeon)
Jewellery
 g - an amulet of rage (around neck) {+Rage, !d}
   (You found it on level 1 of the Dungeon)
 r - a ring of stealth (left hand) {Stlth+}
   (You found it on level 2 of the Dungeon)
 s - a ring of positive energy (right hand) {rN+}
   (You found it on level 2 of the Dungeon)
Wands
 l - a wand of random effects (23/48)
   (You found it on level 3 of the Dungeon)
Scrolls
 o - a scroll of teleportation {unknown}
 p - a scroll of blinking {unknown}
 u - a scroll of magic mapping {unknown}
 v - a scroll of recharging {unknown}
 w - 2 scrolls of identify {unknown}
Potions
 d - a potion of might
 i - a potion of agility {unknown}
 k - 2 potions of heal wounds {unknown}
 m - a potion of haste {unknown}
 n - 3 potions of berserk rage {unknown}
 q - 2 potions of brilliance {unknown}
 t - 4 potions of curing {unknown}
 x - a potion of cancellation {unknown}
Comestibles
 f - 2 bread rations {@e1}
 j - 3 royal jellies
 z - 3 chunks of flesh {@w0}


   Skills:
 - Level 2.6 Fighting
 * Level 3.7 Short Blades
 - Level 2.4 Armour
 + Level 2.7 Stealth
 - Level 2.6 Shields


You had 3 spell levels left.
You didn't know any spells.

Dungeon Overview and Level Annotations

Branches:
Dungeon (3/15)

Altars:
Kikubaaqudgha
Xom

Annotations:
D:3 Grinder, Sigmund


Innate Abilities, Weirdness & Mutations

You have extremely sharp teeth.
Your natural rate of healing is unusually fast.
When hurt, damage is shared between your health and your magic reserves.
Your bite disrupts and absorbs the magic of your enemies.
Potions cannot restore your health.
You are immune to rotting.


Message History

Grinder shouts!
Grinder gestures at you. Pain shoots through your body!
You take 3 damage, and have 20/23 hp.
You now have 4/5 mp.
Grinder hits you but does no damage.
You closely miss Grinder. Your bite misses Grinder. Grinder closely misses you.
Grinder hits you but does no damage.
You closely miss Grinder. Grinder barely misses you.
You hit Grinder. Grinder hits you.
You writhe in agony.
You take 8 damage, and have 14/23 hp.
MASSIVE DAMAGE!!
You barely miss Grinder. You bite Grinder.
Grinder's magic leaks into the air.
You drain her magic.
You feel invigorated. Grinder gestures at you.
You suddenly lose the ability to move!
Grinder hits you. Grinder hits you but does no damage.
Grinder hits you but does no damage. x2
The jackal barks!
You hear a shout!
Grinder hits you.
The jackal bites you but does no damage.
Grinder hits you.
* * * LOW HITPOINT WARNING * * *
The jackal bites you but does no damage.
You can move again.
You take 8 damage, and have 6/23 hp.
MASSIVE DAMAGE!!
You now have 2/5 mp.
The jackal bites you.
* * * LOW HITPOINT WARNING * * *
Grinder blinks!
You take 2 damage, and have 4/23 hp.
You now have 1/5 mp.
You block the jackal's attack. You block Grinder's attack.
The jackal barely misses you.
You closely miss the jackal. You bite the jackal, but do no damage.
The jackal bites you.
* * * LOW HITPOINT WARNING * * *
You take 1 damage, and have 5/23 hp.
The jackal closely misses you.
You puncture the jackal!
You kill the jackal!
You closely miss the orc. You bite the orc. You drain its power.
You feel invigorated. The orc hits you but does no damage.
MP restored: 5 You closely miss the orc.
You bite the orc. You drain its power.
You kill the orc!
Grinder gestures at you.
You struggle to resist.
Aim: Grinder (lightly wounded)
You throw a stone. The stone barely misses Grinder.
You hit Grinder but do no damage. You bite Grinder, but do no damage.
Grinder hits you but does no damage.
You hit Grinder. You bite Grinder.
Grinder's magic leaks into the air.
You drain her magic.
Grinder blinks!
You start resting.
Grinder blinks!
A rat comes into view.
Grinder blinks!
You see here a jackal corpse.
Your shield and scale mail prevent you from hitting Grinder.
Your bite misses Grinder. Grinder gestures at you.
You resist with significant effort.
You hit Grinder. Grinder gestures at you. You resist with significant effort.
You hit Grinder. You bite Grinder.
Grinder's magic leaks into the air.
You drain her magic. Grinder barely misses you.
Grinder falters for a moment.
You barely miss Grinder. You bite Grinder.
Grinder's magic leaks into the air.
You drain her magic. You block Grinder's attack.
You barely miss Grinder. Grinder hits you.
You take 4 damage, and have 14/23 hp.
You now have 4/5 mp.
You hit Grinder. Your bite misses Grinder.
You are feeling hungry.
Grinder hits you.
You writhe in agony.
You take 2 damage, and have 12/23 hp.
You now have 3/5 mp.
You completely miss Grinder. Your bite misses Grinder. Grinder hits you.
You writhe in agony.
* * * LOW HITPOINT WARNING * * *
You take 6 damage, and have 6/23 hp.
MASSIVE DAMAGE!!
You now have 1/5 mp.
You hit Grinder. Your bite misses Grinder. Grinder hits you.
* * * LOW HITPOINT WARNING * * *
You take 3 damage, and have 3/23 hp.
You closely miss Grinder.
Grinder falters for a moment.
You closely miss Grinder.
Grinder says, "Don't move a muscle."
You block Grinder's attack.
You hit Grinder but do no damage. Grinder hits you but does no damage.
Some of the chunks of flesh in your inventory have rotted away.
You hit Grinder but do no damage. You bite Grinder.
Grinder's magic leaks into the air.
You drain her magic.
You feel invigorated. You block Grinder's attack.
You regained 2 mp, and now have 3/5 mp.
You puncture Grinder!
Grinder grins, showing sharp teeth.
Grinder hits you!
You die...

#.....{...#
#...§####
#.........###.....<#
#.....<...##(......#
############†#.....#
#.#.....# #.#.....#
#.#.....# #5#.....#
#@#.....# #.#.....#
#.#.....# #)#######
#.# #.# #.# ########
#.# #####.......
#.#####.....######


You could see Grinder.

Vanquished Creatures
  3 adders
  A gnoll (D:1)
  2 worms
  4 leopard geckos
  4 orcs
  3 bats (D:2)
  2 giant cockroaches (D:1)
  4 goblins
  6 hobgoblins
  6 jackals
  5 kobolds
  2 frilled lizards (D:2)
  3 rats
45 creatures vanquished.

Notes
Turn   | Place    | Note
-------+----------+-------------------------------------------
     0 | D:1      | xnavy the Vine Stalker Fighter began the quest for the Orb.
     0 | D:1      | Reached XP level 1. HP: 11/11 MP: 2/2
    54 | D:1      | Reached skill level 2 in Short Blades
   116 | D:1      | Reached skill level 1 in Stealth
   116 | D:1      | Reached XP level 2. HP: 9/16 MP: 1/3
   449 | D:1      | Reached XP level 3. HP: 19/19 MP: 4/4
   503 | D:1      | Reached skill level 2 in Stealth
   511 | D:1      | Reached skill level 3 in Short Blades
   860 | D:2      | Found an ancient bone altar of Kikubaaqudgha.
   869 | D:2      | Gained mutation: Your natural rate of healing is unusually fast. [Vine Stalker growth]
   869 | D:2      | Reached XP level 4. HP: 19/23 MP: 3/5
  1099 | D:2      | Found a faded altar of an unknown god.
  1360 | D:3      | Found a shimmering altar of Xom.
  1371 | D:3      | Noticed Sigmund
  1372 | D:3      | Noticed Grinder
  1581 | D:3      | Paralysed by Grinder for 7 turns
  1588 | D:3      | HP: 4/23 [jackal (2)]
  1621 | D:3      | HP: 3/23 [Grinder (4)]
  1626 | D:3      | Slain by Grinder

Vault maps used:
D:1:      dpeg_arrival_rhombi, minmay_heptomino_w4
D:2:      marbit_many_paths, first_bread, chequers_ecumenical_altar_grove
D:3:      xom_butterflies, trog_three_pillars_becter, uniq_grinder, uniq_robin,
          uniq_sigmund

Skill      XL: |  1  2  3 |
---------------+----------+-----
Short Blades   | 2 3 |  3.7
Stealth        | 1 2 |  2.7
Fighting       | |  2.6
Armour         | |  2.4
Shields        | |  2.6

Action                   |  1- 3 |  4- 6 || total
-------------------------+-------+-------++-------
Melee: Rapier            |    93 |    54 ||   147
       Bite              |    27 |    19 ||    46
Throw: Stone             |    50 |    42 ||    92
  Eat: Chunk             |       |     2 ||     2
Armor: Scale mail        |    33 |    18 ||    51
Dodge: Dodged            |    28 |    10 ||    38
Block: Shield            |    42 |    22 ||    64

Vault maps used:
D:1:      dpeg_arrival_rhombi, minmay_heptomino_w4
D:2:      marbit_many_paths, first_bread, chequers_ecumenical_altar_grove
D:3:      xom_butterflies, trog_three_pillars_becter, uniq_grinder, uniq_robin,
          uniq_sigmund

Table legend:
 A = Turns spent in this place as a percentage of turns spent in the entire game.
 B = Non-inter-level travel turns spent in this place as a percentage of non-inter-level travel turns spent in the entire game.
 C = Inter-level travel turns spent in this place as a percentage of turns spent in this place.
 D = Turns resting spent in this place as a percentage of non-inter-level travel turns spent in this place.
 E = Turns spent auto-exploring this place as a percentage of non-inter-level travel turns spent in this place.
 F = Non-inter-level travel turns spent in this place divided by the number of levels of this place that you've seen.
                   A       B       C       D       E      F
               +-------+-------+-------+-------+-------+----------------------
         Total | 100.0 | 100.0 |   0.9 |   4.0 |   8.0 | 216.3
       Dungeon | 100.0 | 100.0 |   0.9 |   4.0 |   8.0 | 216.3
               +-------+-------+-------+-------+-------+----------------------

Table legend:
 A = Kills in this place as a percentage of kills in entire the game.
 B = Kills by you in this place as a percentage of kills by you in the entire game.
 C = Kills by friends in this place as a percentage of kills by friends in the entire game.
 D = Other kills in this place as a percentage of other kills in the entire game.
 E = Experience gained in this place as a percentage of experience gained in the entire game.
 F = Experience gained in this place divided by the number of levels of this place that you have seen.
                   A       B       C       D       E      F
               +-------+-------+-------+-------+-------+----------------------
         Total | 100.0 | 100.0 |  -nan |  -nan | 100.0 |  46.3
       Dungeon | 100.0 | 100.0 |  -nan |  -nan | 100.0 |  46.3
               +-------+-------+-------+-------+-------+----------------------
